 Dungeon Crawl Stone Soup version 0.26-a0-259-g1effd001a9 (webtiles) character file.

Game seed: 6271209121407127801

140081 bmfx the Frost Mage (level 17, -21/133 HPs)
             Began as a Human Necromancer on July 21, 2020.
             Was the Champion of Vehumet.
             Killed from afar by a merfolk aquamancer (32 damage)
             ... with a torrent of water
             ... on level 3 of the Shoals.
             The game lasted 02:23:06 (44868 turns).

bmfx the Frost Mage (Human Necromancer)            Turns: 44868, Time: 02:23:07

Health: -21/133    AC: 11    Str:  5    XL:     17   Next: 90%
Magic:  7/36       EV: 19    Int: 36    God:    Vehumet [******]
Gold:   519        SH: 11    Dex: 12    Spells: 4/36 levels left

rFire    + . .     SeeInvis .   V - +0 short sword "Xuydghag" {protect, rC+ Int+9}
rCold    + . .     Faith    .   X - +5 buckler of Tartarus {rElec Str-5 Int+6 Dex-2}
rNeg     . . .     Spirit   .   Q - +2 robe {Archmagi}
rPois    .         Reflect  .   D - +0 helmet
rElec    +         Harm     .   z - +0 cloak
rCorr    .                      h - +2 pair of gloves
MR       +....                  Y - +1 pair of boots
Stlth    +.........             v - amulet of magic regeneration
HPRegen  0.32/turn              K - ring of magical power
MPRegen  0.50/turn              E - ring of protection from fire

@: contaminated, glowing, very slow
A: low mp 1
a: Renounce Religion


You were on level 3 of the Shoals.
You worshipped Vehumet.
Vehumet was exalted by your worship.
You were not hungry.

You visited 5 branches of the dungeon, and saw 27 of its levels.
You visited 1 bazaar.
You also visited: Bailey and Volcano.

You collected 2827 gold pieces.
You spent 2308 gold pieces at shops.


Innate Abilities, Weirdness & Mutations

Your magical capacity is low. (-10% MP)

Dungeon Overview and Level Annotations

Branches:
Dungeon (15/15)            Temple (1/1) D:7            Lair (6/6) D:11
 Shoals (3/4) Lair:3        Snake (0/4) Lair:2        Slime (0/5) Lair:6
    Orc (2/2) D:9             Elf (0/3) Orc:2        Vaults (0/5) D:14
 Depths (0/5) D:15         Bailey (visited)         Volcano (visited)

Altars:
Ashenzari
Cheibriados
Dithmenos
Elyvilon
Fedhas
Gozag
Hepliaklqana
Kikubaaqudgha
Makhleb
Nemelex Xobeh
Okawaru
Qazlal
Ru
Sif Muna
Trog
Uskayaw
Vehumet
Wu Jian
Xom
Yredelemnul
Zin
The Shining One
Jiyva
Lugonu

Shops:
D:5 [   D:9 (   D:11 %   D:13 =   D:15 [   Orc:2 ?(:(

Annotations:
D:15 1 runed translucent door, exclusion: freezing wraith, Qemeosy's ghost, journeyman DDFi; Roxanne
Lair:2 1 runed translucent door, Ulumiabe's ghost, journeyman OpBe
Lair:4 exclusion: oklob plant
Shoals:1 exclusion: 3 fauns


   Skills:
 - Level 12.0 Fighting
 - Level 6.0 Short Blades
 - Level 4.5 Axes
 - Level 12.0 Dodging
 - Level 3.0 Stealth
 - Level 10.0 Shields
 - Level 10.0 Spellcasting
 - Level 8.0 Conjurations
 - Level 6.1 Necromancy
 - Level 4.0 Translocations
 - Level 8.0 Transmutations
 - Level 12.0 Ice Magic
 + Level 4.6 Air Magic
 - Level 10.0 Evocations


You had 4 spell levels left.
You knew the following spells:

 Your Spells              Type           Power        Failure   Level
b - Blink                 Tloc           N/A          1%          2
A - Frozen Ramparts       Ice            ######       1%          3
B - Vampiric Draining     Necr           #######...   1%          3
C - Freeze                Ice            ####         0%          1
D - Searing Ray           Conj           ######       1%          2
E - Conjure Ball Lightni  Conj/Air       #######...   7%          6
F - Mephitic Cloud        Conj/Pois/Air  ######..     1%          3
G - Freezing Cloud        Conj/Ice/Air   #######...   3%          6
H - Irradiate             Conj/Tmut      #######...   1%          5
J - Pain                  Necr           ####         1%          1

Your spell library contained the following spells:

 Spells                   Type           Power        Failure   Level
 Starburst                Conj/Fire      ######....   17%         6
 Animate Skeleton         Necr           ######       1%          1
 Magic Dart               Conj           ####         1%          1
 Sting                    Tmut/Pois      ####         1%          1
 Ensorcelled Hibernation  Hex/Ice        ######       1%          2
 Poisonous Vapours        Pois/Air       ######       1%          2
 Conjure Flame            Conj/Fire      ######..     1%          3
 Dazzling Flash           Conj/Hex       ######       1%          3
 Gell's Gravitas          Tloc           ######....   1%          3
 Ignite Poison            Fire/Tmut/Pois ######..     1%          3
 Animate Dead             Necr           #######...   1%          4
 Corona                   Hex            ####...      2%          1
 Call Imp                 Summ           ####....     3%          2
 Slow                     Hex            ####....     3%          2
 Petrify                  Tmut/Erth      ######..     4%          4
 Olgreb's Toxic Radiance  Pois           ####....     6%          4
 Confusing Touch          Hex            ####....     7%          3
 Tukima's Dance           Hex            ####....     7%          3
 Summon Lightning Spire   Summ/Air       ######..     9%          4
 Cause Fear               Hex            ####......   22%         4
 Yara's Violent Unravell  Hex/Tmut       ######....   3%          5
 Agony                    Necr           #######.     5%          5
 Metabolic Englaciation   Hex/Ice        #######...   5%          5
 Silence                  Hex/Air        ######....   26%         5
 Discord                  Hex            ####......   100%        8
 Tornado                  Air            ######....   100%        9

Action                   |  1- 3 |  4- 6 |  7- 9 | 10-12 | 13-15 | 16-18 || total
-------------------------+-------+-------+-------+-------+-------+-------++-------
Melee: Unarmed           |     6 |       |       |     4 |       |       ||    10
       Dagger            |    30 |   112 |   264 |   690 |   545 |   271 ||  1912
       Scimitar          |       |       |       |       |    19 |     8 ||    27
       Short sword       |       |       |       |       |     5 |    30 ||    35
       Broad axe         |       |       |       |       |       |    16 ||    16
       War axe           |       |       |       |       |       |    10 ||    10
Throw: Javelin           |     5 |     2 |     5 |     2 |       |       ||    14
       Dart              |       |       |       |    44 |    22 |    55 ||   121
       Boomerang         |       |       |       |    14 |       |       ||    14
 Cast: Pain              |    47 |    87 |     4 |    11 |       |       ||   149
       Vampiric Draining |       |     9 |    27 |    64 |   130 |   129 ||   359
       Searing Ray       |       |       |       |     2 |    45 |    23 ||    70
       Freeze            |       |       |       |    41 |    79 |    17 ||   137
       Frozen Ramparts   |       |       |       |    28 |   140 |    45 ||   213
       Mephitic Cloud    |       |       |       |     1 |     3 |    20 ||    24
       Irradiate         |       |       |       |       |       |    30 ||    30
       Freezing Cloud    |       |       |       |       |       |    59 ||    59
       Conjure Ball Ligh |       |       |       |       |       |    17 ||    17
Evoke: Wand              |       |       |       |    45 |    59 |    16 ||   120
       Box of beasts     |       |       |       |       |       |     1 ||     1
  Use: Scroll            |       |    10 |    12 |    17 |     7 |     9 ||    55
       Potion            |       |       |     1 |     8 |    10 |    11 ||    30
 Stab: Sleeping          |       |     3 |     8 |    10 |     5 |     1 ||    27
       Invisible         |       |       |       |     3 |     1 |       ||     4
       Distracted        |       |       |       |     2 |       |     1 ||     3
       Betrayed ally     |       |       |       |     1 |       |       ||     1
       Confused          |       |       |       |     1 |     1 |     8 ||    10
       Paralysed         |       |       |       |       |     2 |       ||     2
  Eat: Ration            |     1 |     3 |     5 |     9 |    12 |     9 ||    39
Armor: Robe              |    10 |    17 |       |       |    88 |    57 ||   172
       Leather armour    |       |       |    64 |    80 |    39 |       ||   183
       Skin              |       |       |       |     1 |       |       ||     1
Dodge: Dodged            |    34 |    71 |   107 |   254 |   334 |   262 ||  1062
Block: Buckler           |       |       |    17 |       |       |   116 ||   133
       Kite shield       |       |       |    42 |   368 |   416 |   153 ||   979
       Rpst.: Scimitar   |       |       |       |       |     2 |     4 ||     6

Skill      XL: |  1  2  3  4  5  6  7  8  9 10 11 12 13 14 15 16 17 |
---------------+----------------------------------------------------+-----
Spellcasting   | 3 4 6 9 10 | 10.0
Necromancy     | 5 6 |  6.1
Short Blades   | 1 2 3 4 6 |  6.0
Fighting       | 2 4 7 9 10 11 12 | 12.0
Dodging        | 3 5 6 7 8 10 11 12 | 12.0
Shields        | 4 8 10 | 10.0
Stealth        | 3 |  3.0
Ice Magic      | 5 8 9 12 | 12.0
Evocations     | 5 6 8 10 | 10.0
Conjurations   | 4 5 8 |  8.0
Translocations | 4 |  4.0
Transmutations | 4 8 |  8.0
Axes           | 4 |  4.5
Air Magic      | 4 |  4.6

Inventory:

Hand Weapons
 a - a +6 dagger of venom
 o - the +2 war axe of the Median {venom, +Blink rPois Str+4 Stlth+}
   (You found it on level 2 of the Shoals)

   It poisons the flesh of those it strikes.
   It affects your strength (+4).
   It protects you from poison.
   It lets you blink.
   It makes you more stealthy.
 u - a +2 vampiric broad axe
 S - the +8 falchion "Duleme" {freeze, rElec}
   (You found it on level 6 of the Lair of Beasts)

   It has been specially enchanted to freeze those struck by it, causing extra
   injury to most foes and up to half again as much damage against particularly
   susceptible opponents.
   It can also slow down cold-blooded creatures.
   It insulates you from electricity.
 V - the +0 short sword "Xuydghag" (weapon) {protect, rC+ Int+9}
   (You found it on level 11 of the Dungeon)

   It grants its wielder temporary protection when it strikes (+7 to AC).
   It affects your intelligence (+9).
   It protects you from cold.
Missiles
 y - 36 boomerangs
 H - 39 poisoned darts (quivered)
 L - 7 throwing nets {!f}
Armour
 h - a +2 pair of gloves (worn)
 z - a +0 cloak (worn)
 D - a +0 helmet (worn)
 J - a +1 buckler of poison resistance
 N - the +3 leather armour "Plog" {rC+ rN++ Int+4 Dex-5}
   (You found it on level 9 of the Dungeon)

   It affects your intelligence (+4).
   It affects your dexterity (-5).
   It protects you from cold.
   It greatly protects you from negative energy.
 Q - a +2 robe of the Archmagi (worn)
 X - the +5 buckler of Tartarus (worn) {rElec Str-5 Int+6 Dex-2}
   (You bought it in a shop in a bazaar)

   It affects your strength (-5).
   It affects your intelligence (+6).
   It affects your dexterity (-2).
   It insulates you from electricity.
 Y - a +1 pair of boots (worn)
Jewellery
 t - an uncursed ring of see invisible
 v - an amulet of magic regeneration (around neck)
 A - a +4 ring of slaying
 E - a ring of protection from fire (right hand)
 G - an uncursed amulet of the acrobat
 K - a ring of magical power (left hand)
Wands
 f - a wand of disintegration (15)
 k - a wand of iceblast (16)
 r - a wand of digging (3)
 B - a wand of random effects (30)
 C - a wand of flame (27)
 I - a wand of enslavement (9)
 M - a wand of paralysis (2)
Scrolls
 g - 7 scrolls of identify {@r3}
 j - 3 scrolls of fog
 l - 5 scrolls of teleportation {@r1}
 m - 6 scrolls of remove curse {@r4}
 p - 10 scrolls of immolation
 q - 10 scrolls of amnesia
 x - 2 scrolls of silence
 T - a scroll of enchant weapon
 Z - 2 scrolls of magic mapping
Potions
 b - a potion of berserk rage
 c - 3 potions of heal wounds {@q1}
 e - 4 potions of curing {@q2}
 i - 2 potions of might
 n - 3 potions of stabbing
 s - 4 potions of ambrosia
 w - 7 potions of brilliance
 F - a potion of cancellation
 O - 2 potions of resistance
 P - 2 potions of flight
 U - a potion of magic
Miscellaneous
 R - a box of beasts
 W - a phantom mirror
Comestibles
 d - 59 rations

##################
≈≈≈≈≈≈≈≈≈≈≈≈≈≈≈≈≈≈≈
≈≈≈≈≈≈≈≈≈≈≈≈≈≈≈≈≈≈≈≈
≈≈≈≈≈≈≈≈≈≈≈≈≈≈≈≈≈≈≈≈≈
≈≈≈≈≈≈≈≈≈≈≈≈≈≈≈≈≈≈≈≈≈≈
≈≈≈≈≈≈≈≈≈≈≈≈≈m≈≈≈≈≈§≈≈≈
≈≈≈≈≈≈≈≈≈≈≈≈≈≈≈≈≈≈≈≈≈≈≈≈≈
≈≈≈≈≈≈≈≈≈≈≈≈≈≈≈≈≈≈..≈≈≈≈≈≈
≈≈≈≈≈≈≈≈≈≈≈≈≈≈@E≈≈≈.≈≈≈≈≈≈
≈≈≈≈≈≈≈≈≈≈≈≈≈≈≈≈≈≈≈≈≈.....
.≈≈≈≈≈≈≈≈≈≈≈≈≈≈≈≈≈≈....##.
..≈≈≈≈≈≈≈≈≈≈≈≈≈≈≈≈≈≈..##
.≈≈≈≈≈≈≈≈≈≈≈≈≈≈≈≈≈≈....#
..≈≈≈≈≈≈≈...≈≈≈≈≈≈≈≈....#
..≈≈≈≈≈≈......≈≈.......≈≈
.≈≈≈≈≈≈........<....≈≈≈
.≈≈≈≈≈≈≈.......##.≈≈≈≈≈


You could see a merfolk aquamancer and a water elemental.

Vanquished Creatures
  Polyphemus (Shoals:2)
  Kirke (D:13)
  A stone giant (Orc:2)
  An ettin (D:15)
  2 merfolk impalers (Shoals:3)
  Snorg (D:13)
  A merfolk javelineer (Shoals:3)
  Josephine (Lair:5)
  A rakshasa (D:10)
  A yaktaur captain (D:14)
  3 hydras
  3 ogre magi
  The ghost of Utauro the Thrower, a journeyman GnHu of Okawaru (D:10)
  3 centaur warriors
  An alligator snapping turtle (Shoals:1)
  2 catoblepae
  A merfolk aquamancer (Shoals:1)
  2 merfolk avatars (Shoals:2)
  14 two-headed ogres
  A death knight (D:11)
  13 death yaks
  A tengu warrior (D:15)
  2 orc high priests (Orc:2)
  Urug (D:12)
  An iron troll (Orc:2)
  2 deep trolls
  9 sea snakes
  5 unseen horrors
  4 skeletal warriors (D:15)
  The ghost of melvinkitnick the Frost Mage, a novice DEIE of Vehumet (D:7)
  Pikel (D:6)
  A lindwurm (Lair:2)
  A wolf spider zombie (D:15)
  9 harpies
  16 fauns
  2 deep elf magi
  A wolf spider (Lair:6)
  An orc sorcerer (Orc:2)
  22 ugly things
  4 manticores
  5 cyclopes
  3 black mambas
  4 elephants
  3 centaur zombies
  2 water nymphs
  6 merfolk sirens
  A torpor snail (Lair:6)
  4 gargoyles
  8 cane toads
  2 efreet (D:13)
  A freezing wraith (D:14)
  3 rime drakes
  5 komodo dragons
  A kobold demonologist (D:15)
  3 yaktaurs
  A tengu conjurer (D:11)
  A queen bee (D:10)
  11 trolls
  16 merfolk
  A wind drake (Shoals:1)
  2 hornets
  12 polar bears
  18 blink frogs
  17 dream sheep
  11 slime creatures
  2 raiju (Lair:6)
  15 hippogriffs
  3 redbacks (D:14)
  5 snapping turtles
  2 shadows
  5 water elementals
  33 yaks
  2 wyverns
  4 basilisks
  5 hogs
  Eustachio (D:6)
  5 wraiths (Lair:5)
  4 vampire mosquitoes (D:15)
  6 wargs
  2 nagas (Lair:2)
  A soldier ant (D:12)
  10 water moccasins
  13 hell hounds (Lair:6)
  6 porcupines
  14 orc warriors
  15 black bears
  7 ice beasts
  2 sky beasts
  2 necrophages
  An eye of draining (D:10)
  31 ogres
  4 phantoms
  22 wolves
  24 centaurs
  A lemure (D:6)
  7 crocodiles
  6 big kobolds
  15 bullfrogs
  A wyvern zombie (D:8)
  A gnoll sergeant (D:9)
  7 scorpions
  7 killer bees
  13 wights
  2 howler monkeys (D:13)
  3 jellies
  A lava snake (D:11)
  7 hounds
  A bullfrog skeleton (D:13)
  6 orc priests
  2 centaur skeletons
  17 orc wizards
  8 iguanas
  12 worker ants
  A hound skeleton (D:7)
  2 hound zombies
  4 worker ant zombies
  A howler monkey zombie (D:9)
  8 gnolls
  13 adders
  4 shadow imps
  3 white imps
  4 ufetubi
  5 oozes
  An adder skeleton (D:6)
  8 worms
  3 dart slugs
  7 leopard geckos
  51 orcs
  7 bats
  6 giant cockroaches
  9 goblins
  10 hobgoblins
  2 jackals (D:6)
  7 quokkas
  A ball python (D:1)
  5 frilled lizards
  23 kobolds
  6 rats
  8 plants (Shoals:2)
842 creatures vanquished.

Vanquished Creatures (collateral kills)
  A black mamba (Lair:6)
  A komodo dragon (Lair:6)
  A hell hound (Lair:6)
  A jelly (D:9)
  A wight (D:9)
5 creatures vanquished.

Vanquished Creatures (others)
  A two-headed ogre (D:13)
  A raiju (Lair:6)
  A water elemental (Shoals:3)
  46 ball lightnings
  A wyvern skeleton (D:13)
  A wight (D:9)
  A bullfrog zombie (D:11)
  A worker ant (D:9)
  11 fungi
  28 plants
  2 withered plants (Lair:2)
94 creatures vanquished.

Grand Total: 941 creatures vanquished

Levels and vault maps discovered:
D:1:      sevenhm_arrival_forest_fort_large_2, layout_loops_corners
D:2:      layout_rooms, nicolae_overflow_crystal_walls, first_ration
D:3:      layout_rooms, kennysheep_generic_room_15
D:4:      lemuel_upstairs_altar, layout_cave_pools, old_standard_altar,
          nicolae_ru_sacrificial_ziggurat, roderic_serpentine_path,
          minmay_strange_pillars
D:5:      layout_gridville, gammafunk_temple_overflow_claw, serial_shops,
          kennysheep_mini_moat
D:6:      layout_loops_cross, serial_bayou_pond_c, uniq_eustachio
D:7:      layout_cave_pools, nicolae_overflow_hidden_temple, old_standard_altar,
          minmay_temple_entry_enclosed_plants, gammafunk_ghost_smash,
          makhleb_blood_cavern_becter, uniq_pikel
D:8:      layout_basic, overflow_temple_1_default
D:9:      layout_gridville, xom_redecorated, nemelex_xobeh_ov_fountains_minmay,
          lemuel_round_altar, lemuel_round_altar,
          kennysheep_orc_monster_closet_entryway, serial_shops,
          nicolae_shop_crystal
D:10:     layout_cave_pools, gammafunk_ghost_hive, enter_bailey_2, basic_altar
D:11:     hangedman_cross_cluster, layout_basic, david_lair_generic,
          serial_shops, shop, grunt_tengu_nest, kennysheep_minor_cross
D:12:     layout_basic, uniq_urug
D:13:     layout_irregular_city, serial_shops, bzr_entry_safe, shop, uniq_kirke,
          uniq_snorg
D:14:     layout_cave_pools, david_vaults_2
D:15:     hangedman_depths_entry_civil_slaughter, layout_cave_pods,
          gauntlet_entry_generic, ebering_ghost_xom, serial_shops,
          nicolae_shop_behind_doors, basic_altar, uniq_roxanne
Temple:   corrupted_temple
Lair:1:   layout_chaotic_city
Lair:2:   layout_cave_pods, guppyfry_snake_entry_island,
          nicolae_volcano_entry_vermiform, gammafunk_ghost_grave,
          patterned_corridor
Lair:3:   layout_regular_city, minmay_shoals_entry_lonely_mermaid, basic_altar
Lair:4:   layout_concentric_octagons, serial_bayou_shore_b,
          minmay_lair_oklob_chamber
Lair:5:   layout_regular_city, nicolae_lair_yak_garden, uniq_josephine
Lair:6:   hangedman_lair_caniforms_friends, layout_cave_pods, slime_altar_1,
          infiniplex_staircase_pool_2
Shoals:1: layout_shoals, nicolae_shoals_stone_sculpture_thing
Shoals:2: layout_shoals, ldierk_geyser, uniq_polyphemus
Shoals:3: layout_shoals, nicolae_shoals_square_sea_wall,
          wheals_shoals_ruined_temple
Orc:1:    layout_diamond_mine
Orc:2:    st_orc_open, layout_caves


Message History

The water elemental resists.
The water elemental is heavily damaged.
The blast of lightning engulfs the water elemental.
The water elemental resists.
The water elemental is severely damaged.
Your ball lightning explodes!
The blast of lightning engulfs you. You resist.
* * * LOW HITPOINT WARNING * * *
The blast of lightning engulfs the water elemental!
The water elemental resists.
You destroy the water elemental!
Vehumet accepts your kill.
You feel your power returning.
The blast of lightning engulfs the water elemental.
The water elemental resists.
The water elemental is severely damaged.
The water elemental closely misses you.
The merfolk aquamancer points at you and mumbles some strange words.
The torrent of water hits you!!
You die...

Notes
Turn   | Place    | Note
-------+----------+-------------------------------------------
     0 | D:1      | bmfx the Human Necromancer began the quest for the Orb.
     0 | D:1      | Reached XP level 1. HP: 13/13 MP: 3/3
   316 | D:1      | Reached XP level 2. HP: 12/19 MP: 3/5
   866 | D:1      | Reached XP level 3. HP: 22/24 MP: 1/6
  1010 | D:1      | Learned a level 3 spell: Vampiric Draining
  2167 | D:2      | Reached XP level 4. HP: 24/30 MP: 8/8
  2318 | D:2      | Found an ornate altar of the Wu Jian Council.
  2996 | D:2      | Reached skill level 5 in Necromancy
  3496 | D:3      | Reached XP level 5. HP: 35/35 MP: 10/10
  4185 | D:4      | Reached skill level 1 in Short Blades
  4209 | D:4      | Found a glowing silver altar of Zin.
  4468 | D:3      | Reached XP level 6. HP: 29/41 MP: 7/11
  4588 | D:4      | Found a sacrificial altar of Ru.
  5094 | D:4      | Noticed an ogre
  5387 | D:4      | Reached XP level 7. HP: 46/46 MP: 13/13
  5830 | D:5      | Entered Level 5 of the Dungeon
  6505 | D:4      | Found a shimmering altar of Xom.
  6626 | D:5      | Reached skill level 1 in Fighting
  6892 | D:5      | Reached XP level 8. HP: 55/56 MP: 14/14
  6995 | D:5      | Found a hazy altar of Hepliaklqana.
  6995 | D:5      | Found a burning altar of Makhleb.
  6996 | D:5      | Found a blossoming altar of Fedhas.
  7034 | D:5      | Found Abegena's Armour Shop.
  7037 | D:5      | Bought a +0 cloak for 58 gold pieces
  7037 | D:5      | Bought a +0 buckler for 58 gold pieces
  7194 | D:6      | Noticed Eustachio
  7213 | D:6      | Killed Eustachio
  8406 | D:7      | Reached XP level 9. HP: 64/65 MP: 15/15
  8559 | D:7      | Found a shimmering blue altar of Sif Muna.
  8559 | D:7      | You fall into a shaft and drop 1 floor!
  8572 | D:8      | Reached skill level 5 in Shields
  8578 | D:7      | Noticed Pikel
  9498 | D:7      | Found a staircase to the Ecumenical Temple.
  9507 | Temple   | Entered the Ecumenical Temple
  9528 | Temple   | Became a worshipper of Vehumet
  9563 | D:7      | Found a burning altar of Makhleb.
  9639 | D:7      | Found a glowing golden altar of the Shining One.
  9923 | D:6      | Killed Pikel
  9979 | D:7      | Found a transporter.
  9979 | D:7      | Found a transporter.
  9979 | D:7      | Noticed melvinkitnick's ghost (novice DEIE)
  9980 | D:7      | Identified the +8 dire flail "Banisher" {flame, rElec
                  | Str+4}
  9980 | D:7      | Noticed a two-headed ogre
 10255 | D:7      | Reached skill level 5 in Dodging
 10255 | D:7      | Reached XP level 10. HP: 71/71 MP: 16/16
 10746 | D:8      | Found a stormy altar of Qazlal.
 11203 | D:8      | Reached * piety under Vehumet
 11203 | D:8      | Offered knowledge of Freeze by Vehumet.
 11206 | D:8      | Learned a level 1 spell: Freeze
 11319 | D:8      | Reached skill level 1 in Ice Magic
 11957 | D:9      | Found an ancient bone altar of Kikubaaqudgha.
 11977 | D:9      | Found Ralabiamn's Weapon Shoppe.
 12252 | D:9      | Found a staircase to the Orcish Mines.
 12454 | D:9      | Found a sparkling altar of Nemelex Xobeh.
 12754 | D:9      | Offered knowledge of Foxfire by Vehumet.
 12993 | D:9      | Reached ** piety under Vehumet
 13055 | D:9      | Noticed a two-headed ogre
 13279 | D:9      | Found a shimmering altar of Xom.
 13280 | D:9      | Found a shimmering altar of Xom.
 13280 | D:9      | Found a shimmering altar of Xom.
 13280 | D:9      | Found a shimmering altar of Xom.
 13281 | D:9      | Found a shimmering altar of Xom.
 13282 | D:9      | Found a shimmering altar of Xom.
 13297 | D:9      | Got a tiger eye-encrusted leather armour
 13309 | D:9      | Identified the +3 leather armour "Plog" {rC+ rN++ Int+4
                  | Dex-5} (You found it on level 9 of the Dungeon)
 13536 | D:9      | Found an iron altar of Okawaru.
 13546 | D:9      | Reached skill level 5 in Evocations
 13665 | D:10     | Entered Level 10 of the Dungeon
 13691 | D:10     | Found a flagged portal.
 13729 | D:10     | Reached skill level 5 in Ice Magic
 13729 | D:10     | Reached XP level 11. HP: 55/77 MP: 17/17
 13745 | Bailey   | Entered a bailey
 14121 | D:10     | Found a transporter.
 14122 | D:10     | Found a transporter.
 14123 | D:10     | Noticed Utauro's ghost (journeyman GnHu)
 14181 | D:10     | Found a radiant altar of Vehumet.
 14216 | D:10     | Noticed a rakshasa
 14520 | D:11     | You fall into a shaft and drop 2 floors!
 14521 | D:13     | Noticed Snorg
 14533 | D:13     | Noticed a two-headed ogre
 14563 | D:13     | Offered knowledge of Searing Ray by Vehumet.
 14716 | D:13     | Noticed a deep elf mage
 14731 | D:13     | Killed a deep elf mage
 14785 | D:13     | Noticed an unseen horror
 14809 | D:13     | Killed an unseen horror
 14972 | D:13     | Reached *** piety under Vehumet
 14978 | D:13     | Learned a level 2 spell: Searing Ray
 14999 | D:13     | Found a gateway to a bazaar.
 15154 | D:13     | Reached skill level 1 in Conjurations
 15575 | D:11     | Noticed a four-headed hydra
 15886 | D:8      | Reached skill level 5 in Spellcasting
 16396 | D:5      | Found a hazy altar of Hepliaklqana.
 16396 | D:5      | Found a burning altar of Makhleb.
 16397 | D:5      | Found a blossoming altar of Fedhas.
 16408 | D:5      | Found Abegena's Armour Shop.
 17209 | D:9      | Killed a two-headed ogre
 17623 | D:11     | Found Gaozxupn's Food Shop.
 17774 | D:11     | Noticed an elephant
 17797 | D:11     | Killed an elephant
 17852 | D:11     | Reached XP level 12. HP: 71/83 MP: 21/21
 17904 | D:11     | Offered knowledge of Frozen Ramparts by Vehumet.
 17909 | D:11     | Learned a level 3 spell: Frozen Ramparts
 17922 | D:11     | Found a staircase to the Lair.
 18066 | D:11     | Found an opulent altar of Gozag.
 18069 | D:11     | Noticed an unseen horror
 18069 | D:11     | Noticed a seven-headed hydra
 18116 | D:11     | Noticed a centaur warrior
 18332 | D:12     | Noticed a two-headed ogre
 18362 | D:12     | Killed a two-headed ogre
 18556 | D:12     | Noticed an unseen horror
 18565 | D:12     | Killed an unseen horror
 18762 | D:12     | Noticed Urug
 18768 | D:12     | Learned a level 3 spell: Mephitic Cloud
 18778 | D:12     | Killed Urug
 18778 | D:12     | Reached skill level 5 in Short Blades
 18826 | D:12     | Reached skill level 5 in Fighting
 18830 | D:12     | Reached **** piety under Vehumet
 19380 | Lair:1   | Entered Level 1 of the Lair of Beasts
 19391 | Lair:1   | Offered knowledge of Iskenderun's Mystic Blast by Vehumet.
 20590 | Lair:2   | Found a dark tunnel.
 20603 | Volcano  | Entered a volcano
 20923 | Lair:2   | Reached XP level 13. HP: 98/98 MP: 22/22
 21320 | Lair:2   | Found a staircase to the Snake Pit.
 21346 | Lair:2   | Reached ***** piety under Vehumet
 21441 | Lair:2   | Found a runed translucent door.
 21441 | Lair:2   | Noticed Ulumiabe's ghost (journeyman OpBe)
 21668 | Lair:3   | Noticed an eight-headed hydra
 22044 | Lair:3   | Killed an eight-headed hydra
 22044 | Lair:3   | Offered knowledge of Fireball by Vehumet.
 22324 | Lair:3   | Found a staircase to the Shoals.
 22678 | Lair:3   | Found an ancient bone altar of Kikubaaqudgha.
 23872 | Lair:5   | Noticed a catoblepas
 24084 | Lair:5   | Killed a catoblepas
 24343 | Lair:5   | Noticed an eight-headed hydra
 24358 | Lair:5   | Killed an eight-headed hydra
 24808 | Lair:5   | Noticed Josephine
 24828 | Lair:5   | Killed Josephine
 24828 | Lair:5   | Reached skill level 10 in Dodging
 24828 | Lair:5   | Reached skill level 10 in Shields
 25510 | Lair:6   | Entered Level 6 of the Lair of Beasts
 25566 | Lair:6   | Found a staircase to the Slime Pits.
 25567 | Lair:6   | Found a viscous altar of Jiyva.
 25586 | Lair:6   | Reached XP level 14. HP: 86/108 MP: 23/23
 26124 | Lair:6   | Reached skill level 10 in Fighting
 26670 | Lair:6   | Offered knowledge of Freezing Cloud by Vehumet.
 26683 | Lair:6   | Learned a level 6 spell: Freezing Cloud
 26756 | Lair:6   | Got a slimy falchion
 26757 | Lair:6   | Identified the +8 falchion "Duleme" {freeze, rElec} (You
                  | found it on level 6 of the Lair of Beasts)
 27807 | Lair:6   | Reached skill level 10 in Evocations
 28679 | Lair:6   | Reached XP level 15. HP: 115/115 MP: 28/28
 29323 | D:11     | Reached skill level 10 in Spellcasting
 29917 | D:11     | Got a fine short sword
 29918 | D:11     | Identified the cursed +0 short sword "Xuydghag" {protect,
                  | rC+ Int+9} (You found it on level 11 of the Dungeon)
 30177 | D:12     | Offered knowledge of Bolt of Magma by Vehumet.
 30574 | D:13     | Noticed Kirke
 30625 | D:13     | Found Ilustolupu's Jewellery Boutique.
 30718 | Bazaar   | Entered a bazaar
 30718 | Bazaar   | Found Sirewokh's Assorted Antiques.
 30718 | Bazaar   | Found Woygagan's Armour Shoppe.
 30718 | Bazaar   | Found Xopruac's Distillery.
 30718 | Bazaar   | Found Akeffach's Magic Scroll Shoppe.
 30742 | Bazaar   | Bought the +5 buckler of Tartarus {rElec Str-5 Int+6 Dex-2}
                  | for 662 gold pieces
 30766 | Bazaar   | Bought a potion of heal wounds for 165 gold pieces
 30772 | Bazaar   | Bought a potion of heal wounds for 60 gold pieces
 30772 | Bazaar   | Bought a potion of haste for 120 gold pieces
 30774 | Bazaar   | Bought a scroll of blinking for 112 gold pieces
 30776 | Bazaar   | Bought a potion of invisibility for 96 gold pieces
 30782 | Bazaar   | Bought a scroll of teleportation for 45 gold pieces
 30782 | Bazaar   | Bought a scroll of teleportation for 45 gold pieces
 30782 | Bazaar   | Bought a scroll of fog for 30 gold pieces
 30782 | Bazaar   | Bought a scroll of fog for 30 gold pieces
 30784 | Bazaar   | Bought a potion of mutation for 96 gold pieces
 30784 | Bazaar   | Bought a potion of curing for 36 gold pieces
 30799 | D:13     | Killed Snorg
 30799 | D:13     | Reached skill level 10 in Ice Magic
 33125 | D:14     | Found a gate to the Vaults.
 33365 | D:14     | Learned a level 2 spell: Blink
 33478 | D:14     | Reached skill level 1 in Translocations
 33646 | D:15     | Entered Level 15 of the Dungeon
 34443 | D:15     | Found Wexaniaw's Armour Boutique.
 34483 | D:15     | Reached skill level 5 in Conjurations
 34547 | D:15     | Found a staircase to the Depths.
 34676 | D:15     | Reached XP level 16. HP: 122/122 MP: 30/30
 34995 | D:15     | Found an iron altar of Okawaru.
 35481 | D:15     | Found a runed translucent door.
 35482 | D:15     | Found a shimmering altar of Xom.
 35482 | D:15     | Noticed Qemeosy's ghost (journeyman DDFi)
 35483 | D:15     | Identified the +10 eveningstar "Ahyoj" {chaos, *Drain +Fly
                  | Int+7}
 35675 | D:15     | Identified Roxanne's Papyrus of Transmigration
 35675 | D:15     | Noticed Roxanne
 36292 | Orc:1    | Entered Level 1 of the Orcish Mines
 36641 | Orc:2    | Entered Level 2 of the Orcish Mines
 36896 | Orc:2    | Found a staircase to the Elven Halls.
 37236 | Orc:2    | Found Miemoin's Weapon Shop.
 37291 | Orc:2    | Reached ****** piety under Vehumet
 37958 | Orc:2    | Found Giuxawn's Antique Weapon Shop.
 37959 | Orc:2    | Found Yngiz's Magic Scroll Shoppe.
 37969 | Orc:2    | Found Irruu's Book Boutique.
 37982 | Orc:2    | Bought a scroll of enchant armour for 120 gold pieces
 37982 | Orc:2    | Bought 3 scrolls of teleportation for 144 gold pieces
 37982 | Orc:2    | Bought a scroll of magic mapping for 56 gold pieces
 38278 | Orc:2    | Offered knowledge of Irradiate by Vehumet.
 38285 | Orc:2    | Learned a level 5 spell: Irradiate
 38357 | Orc:2    | Reached skill level 1 in Transmutations
 39127 | D:7      | Killed melvinkitnick's ghost
 39784 | D:10     | Killed Utauro's ghost
 40006 | D:13     | Killed Kirke
 40034 | D:13     | Bought an uncursed ring of protection from fire for 375
                  | gold pieces
 40352 | Shoals:1 | Entered Level 1 of the Shoals
 40806 | Shoals:1 | Reached XP level 17. HP: 95/131 MP: 31/31
 40837 | Shoals:1 | Reached skill level 5 in Transmutations
 40851 | Shoals:1 | Gained mutation: Your magical capacity is low. (-10% MP)
                  | [mutagenic glow]
 41807 | Shoals:2 | Noticed Polyphemus
 42185 | Shoals:2 | Got an encrusted war axe
 42186 | Shoals:2 | Identified the cursed +2 war axe of the Median {venom,
                  | +Blink rPois Str+4 Stlth+} (You found it on level 2 of the
                  | Shoals)
 42756 | Shoals:2 | Killed Polyphemus
 42756 | Shoals:2 | Offered knowledge of Starburst by Vehumet.
 43056 | Shoals:2 | Reached skill level 1 in Axes
 44064 | Shoals:2 | Learned a level 6 spell: Conjure Ball Lightning
 44113 | Shoals:3 | Reached skill level 1 in Air Magic
 44868 | Shoals:3 | Killed from afar by a merfolk aquamancer
